 Dungeon Crawl Stone Soup version 0.23.0-3-gf3c87f2 (webtiles) character file.

Game seed: 13101242449691817017

5353 Fang the Fighter (level 10, -2/66 HPs)
             Began as a Gargoyle Berserker on Feb 24, 2019.
             Was a High Priest of Trog.
             Slain by an ice devil (19 damage)
             ... summoned by a kobold demonologist
             ... on level 9 of the Dungeon.
             The game lasted 00:11:09 (8576 turns).

Fang the Fighter (Gargoyle Berserker)               Turns: 8576, Time: 00:11:10

Health: -2/66      AC: -2    Str: 24    XL:     10   Next: 65%
Magic:  0/10       EV:  9    Int:  8    God:    Trog [*****.]
Gold:   507        SH:  0    Dex:  9    Spells: 9/9 levels left

rFire    . . .     SeeInvis +   u - +3 hand axe (chop)
rCold    . . .     Gourm    .   (no shield)
rNeg     + . .     Faith    .   C - +0 plate armour
rPois    ∞         Spirit   +   (no helmet)
rElec    +         Reflect  .   (no cloak)
rCorr    .         Harm     .   (no gloves)
MR       +....                  (no boots)
Stlth    ..........             m - amulet of guardian spirit
HPRegen  0.21/turn              w - ring of see invisible
MPRegen  0.12/turn              e - ring of protection from magic

@: corroded
A: negative energy resistance 1, electricity resistance, unbreathing,
petrification resistance, rot immunity, AC +7
a: Berserk, Trog's Hand, Brothers in Arms, Renounce Religion


You were on level 9 of the Dungeon.
You worshipped Trog.
Trog was extremely pleased with you.
You were hungry.

You visited 2 branches of the dungeon, and saw 10 of its levels.
You also visited: Bailey.

You collected 507 gold pieces.

Inventory:

Hand Weapons
 j - a +3 hand axe of freezing
 l - a +0 war axe
 u - a +3 hand axe of chopping (weapon)
Armour
 h - +0 steam dragon scales
 C - a +0 plate armour (worn)
Jewellery
 e - a ring of protection from magic (right hand)
 m - an amulet of guardian spirit (around neck)
 w - a ring of see invisible (left hand)
 y - an uncursed ring of flight
Wands
 i - a wand of digging (5)
Scrolls
 a - a scroll of teleportation {unknown}
 b - 6 scrolls of identify
 t - 2 scrolls of remove curse
Potions
 d - 2 potions of brilliance
 f - a potion of invisibility
 g - 7 potions of might
 n - 3 potions of flight
 p - 7 potions of curing
 q - a potion of resistance
 r - a potion of mutation
 s - 3 potions of heal wounds
 v - a potion of magic
 x - 3 potions of lignification
Comestibles
 c - 13 rations


   Skills:
 + Level 9.2 Fighting
 + Level 7.6 Axes
 + Level 8.8 Armour
 + Level 6.6 Dodging


You had 9 spell levels left.
You didn't know any spells.
Your spell library was empty.

Dungeon Overview and Level Annotations

Branches:
Dungeon (9/15)             Temple (1/1) D:6            Lair (0/6) D:8
    Orc: D:9-12

Altars:
Cheibriados
Dithmenos
Elyvilon
Makhleb
Ru
Sif Muna
Yredelemnul


Innate Abilities, Weirdness & Mutations

You are resistant to torment.
Your stone body is resilient. (AC +7)
You are immune to poison.
You resist negative energy. (rN+)
You are resistant to electric shocks. (rElec)
You can survive without breathing.
You are immune to petrification.
You are immune to rotting.


Message History

You are too injured to fight recklessly!
You are too injured to fight recklessly!
You are too injured to fight recklessly!
You are too injured to fight recklessly!
You are too injured to fight recklessly!
You are too injured to fight recklessly!
You are too injured to fight recklessly!
You are too injured to fight recklessly!
You are too injured to fight recklessly!
You are too injured to fight recklessly!
You are too injured to fight recklessly!
You are too injured to fight recklessly!
You are too injured to fight recklessly!
You are too injured to fight recklessly!
You are too injured to fight recklessly!
You are too injured to fight recklessly!
You feel much better.
The ufetubus hits you. x2; The ice devil hits you.
* * * LOW HITPOINT WARNING * * *
The ice devil freezes you!!
You die...

#..
#.#####..#...#.###.....#
#. ..
.........#...#.###.# ...
....#........#...#.#
.... ...
#......#.....#.#
################.......#
....5...#............###
........#...........##
......K5#......##'###
.....44@'......#....#
......4.#......#....#
........#......#....#
........#......#....#
#####################


You could see an ice devil, a rust devil, a kobold demonologist, a chaos spawn,
an iron imp and an ufetubus.

Vanquished Creatures
  Joseph (D:7)
  Prince Ribbit (D:7)
  A hippogriff (D:8)
  Sigmund (D:2)
  A steam dragon (D:8)
  A black bear (D:6)
  A sky beast (D:9)
  2 orc warriors
  4 ice beasts
  3 ogres
  A phantom (D:5)
  4 centaurs
  6 bullfrogs
  A gnoll sergeant (D:7)
  3 scorpions
  A water moccasin zombie (D:9)
  A water moccasin skeleton (D:6)
  4 killer bees (D:9)
  11 wights
  2 howler monkeys
  4 crimson imps
  A bullfrog zombie (D:9)
  A centaur skeleton (D:6)
  3 orc priests
  5 hounds
  2 bullfrog skeletons
  3 iguanas
  Natasha (thrice) (D:2)
  10 orc wizards
  4 worker ants
  A howler monkey zombie (D:6)
  12 gnolls
  9 adders
  A shadow imp (D:5)
  An ooze (D:1)
  An adder skeleton (D:9)
  6 worms
  2 dart slugs
  10 leopard geckos
  45 orcs
  4 ball pythons
  5 giant cockroaches
  3 goblins
  9 hobgoblins
  15 jackals
  11 kobolds
  2 quokkas
  A ball python zombie (D:6)
  6 bats
  3 frilled lizards (D:2)
  A jackal skeleton (D:4)
  A leopard gecko zombie (D:5)
  A quokka skeleton (D:6)
  A quokka zombie (D:8)
  10 rats
  A fungus (D:7)
248 creatures vanquished.

Vanquished Creatures (collateral kills)
  The ghost of axlevencent the Skirmisher, a novice DsWn of Cheibriados (D:6)
  A bullfrog (D:6)
  An adder (D:6)
3 creatures vanquished.

Grand Total: 251 creatures vanquished

Notes
Turn   | Place    | Note
-------+----------+-------------------------------------------
     0 | D:1      | Fang the Gargoyle Berserker began the quest for the Orb.
     0 | D:1      | Reached XP level 1. HP: 14/14 MP: 1/1
    57 | D:1      | Reached XP level 2. HP: 14/19 MP: 2/2
   662 | D:1      | Reached XP level 3. HP: 11/23 MP: 3/3
  1393 | D:2      | Noticed Natasha
  1403 | D:2      | Killed Natasha
  1403 | D:2      | Reached ** piety under Trog
  1403 | D:2      | Reached XP level 4. HP: 11/29 MP: 4/4
  1708 | D:2      | Reached skill level 4 in Fighting
  1772 | D:2      | Noticed Natasha
  1792 | D:2      | Killed Natasha
  1792 | D:2      | Reached XP level 5. HP: 29/33 MP: 5/5
  2054 | D:2      | Noticed Sigmund
  2065 | D:2      | Killed Sigmund
  2065 | D:2      | Reached XP level 6. HP: 39/39 MP: 6/6
  2250 | D:2      | Noticed Natasha
  2271 | D:2      | Killed Natasha
  3018 | D:4      | Reached skill level 5 in Fighting
  3050 | D:4      | Reached *** piety under Trog
  3067 | D:4      | Reached XP level 7. HP: 24/44 MP: 4/7
  3550 | D:4      | Found a basalt altar of Yredelemnul.
  3601 | D:4      | Found a white marble altar of Elyvilon.
  3672 | D:4      | Reached skill level 5 in Armour
  3672 | D:4      | Received a gift from Trog
  3829 | D:4      | Reached XP level 8. HP: 37/51 MP: 6/8
  3869 | D:5      | Entered Level 5 of the Dungeon
  3918 | D:5      | Found a deep blue altar of Sif Muna.
  3938 | D:5      | Reached skill level 6 in Fighting
  3938 | D:5      | Reached skill level 5 in Axes
  4067 | D:5      | Reached **** piety under Trog
  4219 | D:5      | Found a shadowy altar of Dithmenos.
  4672 | D:6      | Reached skill level 7 in Fighting
  4672 | D:6      | Reached XP level 9. HP: 50/57 MP: 6/9
  4720 | D:6      | Found a staircase to the Ecumenical Temple.
  4734 | D:6      | Reached skill level 5 in Dodging
  4743 | Temple   | Entered the Ecumenical Temple
  4777 | D:6      | Found a runed translucent door.
  4875 | D:6      | Found a snail-covered altar of Cheibriados.
  5119 | D:6      | Noticed axlevencent's ghost (novice DsWn)
  5124 | D:6      | HP: 2/57 [orc priest/divine providence (12)]
  5754 | D:6      | Killed axlevencent's ghost
  5873 | D:6      | Found a burning altar of Makhleb.
  6230 | D:7      | Noticed Joseph
  6255 | D:7      | Killed Joseph
  6255 | D:7      | Reached skill level 8 in Fighting
  6443 | D:7      | Noticed Prince Ribbit
  6474 | D:7      | Killed Prince Ribbit
  6474 | D:7      | Reached XP level 10. HP: 43/65 MP: 8/10
  6541 | D:7      | Reached ***** piety under Trog
  6657 | D:7      | Found a shadowy altar of Dithmenos.
  6915 | D:7      | Found a sacrificial altar of Ru.
  7376 | D:8      | Found a flagged portal.
  7405 | D:8      | Received a gift from Trog
  7594 | Bailey   | Entered a bailey
  8208 | D:8      | Reached skill level 9 in Fighting
  8237 | D:8      | Found a staircase to the Lair.
  8557 | D:9      | Noticed a kobold demonologist
  8559 | D:9      | Noticed a rust devil
  8575 | D:9      | HP: 2/66 [kobold demonologist/+0 dagger (2)]
  8576 | D:9      | Slain by an ice devil

Skill      XL: |  1  2  3  4  5  6  7  8  9 10 |
---------------+-------------------------------+-----
Axes           | 3 4 5 6 7 |  7.6
Dodging        | 2 3 4 6 |  6.6
Armour         | 3 4 5 6 8 |  8.8
Fighting       | 4 5 7 8 9 |  9.2

Action                   |  1- 3 |  4- 6 |  7- 9 | 10-12 || total
-------------------------+-------+-------+-------+-------++-------
Melee: Hand axe          |   128 |   215 |   415 |   270 ||  1028
Invok: Berserk           |     2 |     2 |     5 |     1 ||    10
       Brothers in Arms  |       |       |     1 |       ||     1
  Use: Scroll            |       |       |    16 |     4 ||    20
       Potion            |       |       |       |     1 ||     1
  Eat: Chunk             |     3 |     8 |    17 |     7 ||    35
Armor: Animal skin       |    34 |     5 |       |       ||    39
       Skin              |       |     2 |       |       ||     2
       Scale mail        |       |   136 |   247 |       ||   383
       Plate armour      |       |       |    78 |   263 ||   341
       Chain mail        |       |       |     6 |       ||     6
Dodge: Dodged            |    90 |   131 |   225 |   138 ||   584
